 Dungeon Crawl Stone Soup version 0.25.0-9-g26727b657a (webtiles) character file.

Game seed: 4828873268099311303

237 xccam the Chopper (level 6, -1/47 HPs)
             Began as a Formicid Fighter on June 18, 2020.
             Killed by nerve-wracking pain
             ... invoked by an orc priest
              (11 damage)
             ... on level 3 of the Dungeon.
             The game lasted 00:02:40 (2979 turns).

xccam the Chopper (Formicid Fighter)                Turns: 2979, Time: 00:02:40

Health: -1/47      AC:  9    Str: 23    XL:     6   Next: 28%
Magic:  6/6        EV:  8    Int:  7    God:
Gold:   147        SH: 10    Dex: 16    Spells: 5/5 levels left

rFire    . . .     SeeInvis +   a - +0 war axe
rCold    . . .     Gourm    .   c - +0 kite shield
rNeg     . . .     Faith    .   b - +0 scale mail
rPois    .         Spirit   .   (helmet unavailable)
rElec    .         Reflect  .   p - +0 cloak
rCorr    .         Harm     .   (no gloves)
MR       .....                  u - +0 pair of boots
Stlth    ..........             (no amulet)
HPRegen  0.15/turn              s - +6 ring of dexterity
MPRegen  0.10/turn              (no ring)

@: mighty
A: permanent stasis, dig shafts and tunnels, four strong arms, antennae 3
a: Dig, Shaft Self


You were on level 3 of the Dungeon.
You were not hungry.

You visited 1 branch of the dungeon, and saw 3 of its levels.

You collected 147 gold pieces.

Inventory:

Hand Weapons
 a - a +0 war axe (weapon)
Armour
 b - a +0 scale mail (worn)
 c - a +0 kite shield (worn)
 p - a +0 cloak (worn)
 u - a +0 pair of boots (worn)
Jewellery
 s - a +6 ring of dexterity (left hand)
Scrolls
 g - a scroll of random uselessness {unknown}
 h - 2 scrolls of enchant weapon {unknown}
 i - 2 scrolls of identify {unknown}
 l - a scroll of enchant armour {unknown}
 m - a scroll of remove curse {unknown}
 o - a scroll of teleportation {unknown}
 q - a scroll of magic mapping {unknown}
 r - a scroll of immolation {unknown}
Potions
 d - a potion of might
 e - a potion of flight {unknown}
 j - a potion of berserk rage {unknown}
 k - 2 potions of heal wounds {unknown}
 n - 2 potions of stabbing {unknown}
 v - a potion of brilliance {unknown}
 w - a potion of haste {unknown}
Comestibles
 f - 5 rations
 t - 4 chunks of flesh


   Skills:
 - Level 3.2 Fighting
 + Level 6.1 Axes
 - Level 3.2 Armour
 - Level 3.6 Shields


You had 5 spell levels left.
You didn't know any spells.
Your spell library was empty.

Dungeon Overview and Level Annotations

Branches:
Dungeon (3/15)

Altars:


Innate Abilities, Weirdness & Mutations

You cannot be hasted, slowed, berserked, paralysed or teleported.
You can dig through walls and to a lower floor.
Your four strong arms can wield two-handed weapons with a shield.
You have a pair of large antennae on your head. (SInv)


Message History

Increase (S)trength, (I)ntelligence, or (D)exterity?
You feel stronger.
You barely miss the orc. You block the orc's attack.
Unknown command.
You hit the orc.
The orc is moderately wounded.
The orc hits you but does no damage. You block the orc's attack.
The orc priest calls down the wrath of Beogh upon you.
Beogh smites you!
Unknown command.
You slash the orc!
You kill the orc!
Unknown command.
You closely miss the orc priest.
The orc priest invokes the aid of Beogh against you.
Beogh smites you!
* * * LOW HITPOINT WARNING * * *
The orc priest mumbles some strange prayers to Beogh against you.
Pain shoots through your body!
You die...

####..#
..#.##.....#
#...o.)o...#
#o.###.###.#
#.#...##
#{#.#.รท###
....#...o# #.#
#..#o#
........#@#
#.#.###..#.# #.
.. #.##.#
#.#.##.##
#...#...######
#.###...........
......#...######
.........##
....####.#


You could see 2 orc priests.

Vanquished Creatures
  An orc warrior (D:3)
  Crazy Yiuf (D:2)
  2 adders
  An ooze (D:2)
  5 worms
  2 dart slugs
  A leopard gecko (D:2)
  2 orcs (D:3)
  2 ball pythons (D:2)
  2 giant cockroaches
  7 goblins
  10 hobgoblins
  7 jackals (D:1)
  4 quokkas (D:2)
  5 bats
  4 frilled lizards
  5 kobolds
  6 rats
67 creatures vanquished.

Notes
Turn   | Place    | Note
-------+----------+-------------------------------------------
     0 | D:1      | xccam the Formicid Fighter began the quest for the Orb.
     0 | D:1      | Reached XP level 1. HP: 18/18 MP: 1/1
    71 | D:1      | Reached XP level 2. HP: 19/24 MP: 2/2
   217 | D:1      | Reached skill level 3 in Axes
   524 | D:1      | Reached XP level 3. HP: 29/29 MP: 3/3
  1493 | D:2      | Reached skill level 4 in Axes
  1493 | D:2      | Reached XP level 4. HP: 33/35 MP: 4/4
  1618 | D:2      | Found a runed translucent door.
  1619 | D:2      | Noticed Crazy Yiuf
  1628 | D:2      | Killed Crazy Yiuf
  2053 | D:2      | Reached XP level 5. HP: 30/41 MP: 5/5
  2676 | D:2      | Reached skill level 5 in Axes
  2953 | D:3      | Noticed an orc warrior
  2975 | D:3      | Killed an orc warrior
  2975 | D:3      | Reached skill level 6 in Axes
  2975 | D:3      | Reached XP level 6. HP: 29/47 MP: 6/6
  2979 | D:3      | Killed from afar by an orc priest

Illustrated notes

Levels and vault maps discovered:
D:1:      dpeg_arrival_brainrot, layout_loops_corners
D:2:      layout_basic, first_ration, columned_hall_lemuel,
          uniq_crazy_yiuf_cottage
D:3:      layout_loops_ring, lemuel_blue_sif_altar, ebering_ghost_disaster_area,
          minmay_misc_feat_roman

Skill      XL: |  1  2  3  4  5 |
---------------+----------------+-----
Axes           | 3 4 6 |  6.1
Fighting       | |  3.2
Armour         | |  3.2
Shields        | |  3.6

Action                   |  1- 3 |  4- 6 || total
-------------------------+-------+-------++-------
Melee: War axe           |   109 |   134 ||   243
  Use: Potion            |       |     1 ||     1
  Eat: Chunk             |     2 |     5 ||     7
Armor: Scale mail        |    36 |    30 ||    66
Dodge: Dodged            |    39 |    47 ||    86
Block: Kite shield       |    63 |    60 ||   123
